 Seeded DCSS version 0.30.1-4-g462c640d31 (webtiles) character file.

Game seed: 20230804 (custom seed)

711 AccursedSamuel the Cudgeller (level 7, -1/42 HPs)
             Began as a Tengu Gladiator on Aug 10, 2023.
             Was an Elder of Jiyva.
             Slain by a wight
             ... wielding a +4 long sword
              (12 damage)
             ... on level 7 of the Dungeon.
             The game lasted 00:11:33 (6493 turns).

AccursedSamuel the Cudgeller (Tengu Gladiator)      Turns: 6493, Time: 00:11:35

Health: -1/42      AC:  5    Str: 16    XL:     7   Next: 68%
Magic:  8/8        EV: 13    Int:  8    God:    Jiyva [****..]
Gold:   85         SH:  0    Dex: 16    Spells: 6/6 levels left

rFire   + . .        j - +3 scimitar (heavy)
rCold   . . .        (no shield)
rNeg    . . .        t - +1 scale mail
rPois   +            c - +0 hat
rElec   .            (no cloak)
rCorr   +            (no gloves)
SInv    .            (boots unavailable)
Will    .....        (no amulet) Stlth
                     q - ring of poison resistance
HPRegen 1.55/turn    (no ring)
MPRegen 0.51/turn

%: clarity
@: flying quickly and evasively, unable to drink, quick
A: beak, talons 3, nimble flight, clarity, fire resistance 1, pseudopods 3,
tendrils, inability to drink after injury 1
a: Renounce Religion, Oozemancy, Slimify


You were on level 7 of the Dungeon.
You worshipped Jiyva.
Jiyva was greatly pleased with you.
You visited 1 branch of the dungeon, and saw 7 of its levels.
You also visited: Sewer.

You collected 225 gold pieces.
You spent 140 gold pieces at shops.

Inventory:

Hand Weapons
 a - a +0 flail
 j - a +3 heavy scimitar (weapon)
Missiles
 d - 3 throwing nets (quivered)
 e - a javelin
Armour
 c - a +0 hat (worn)
 n - +0 ice dragon scales
 t - a +1 scale mail (worn)
Jewellery
 o - a +5 ring of evasion
 q - a ring of poison resistance (left hand)
Wands
 s - a wand of flame (20)
Scrolls
 b - a scroll of enchant armour
 f - 5 scrolls of teleportation
 k - 4 scrolls of identify
 l - 2 scrolls of blinking
Potions
 g - a potion of cancellation
 h - a potion of magic
 i - 4 potions of mutation
 m - a potion of might {unknown}
 u - a potion of ambrosia
 v - a potion of brilliance


   Skills:
 + Level 3.6 Fighting
 + Level 0.6 Long Blades
 + Level 6.6 Maces & Flails
 + Level 2.3 Throwing
 + Level 4.5 Armour
 + Level 4.2 Dodging
 + Level 0.8 Stealth


You had 6 spell levels left.
You didn't know any spells.
Your spell library contained the following spells:

 Spells                   Type           Power      Damage    Failure   Level
 Apportation              Tloc           0%         N/A       82%         1
 Summon Forest            Summ/Tloc      0%         N/A       100%        5
 Dispersal                Tloc           0%         N/A       100%        6


Dungeon Overview and Level Annotations

Branches:
Dungeon (7/15)             Temple (0/1) D:5           Sewer (visited)

Altars:
Ashenzari
Fedhas
Nemelex Xobeh
Trog
Vehumet
Wu Jian
Xom
Zin

Shops:
D:5 :   D:6 (

Annotations:
D:5 1 runed translucent door, Dingle's ghost, amateur OgCA


Innate Abilities, Weirdness & Mutations

You have a beak for a mouth.
You have claws for feet.
Your magical nature lets you fly swiftly and evasively.
You possess an exceptional clarity of mind.
Your flesh is heat resistant. (rF+)
Armour fits poorly on your massive pseudopods.
You are covered in slimy tendrils that may disarm your opponents.
You occasionally lose the ability to drink potions when taking damage.


Message History

You hit the iguana. Your peck misses the iguana.
The iguana is heavily wounded.
The iguana barely misses you. The iguana closely misses you.
You slash the iguana!
You kill the iguana!
You see here an iguana corpse.
Found a stone staircase leading down.
There is a stone staircase leading down here.
You reach down and open the door.
There is an open door here.
o - a +5 ring of evasion
Found a leather armour.
Found a hand axe.
You reach down and open the door.
A white imp comes into view.
The white imp shouts, "Away with thee, thou pox-marked magpie-eyed slabber!"
A white imp is nearby!
The white imp misses you.
You slice the white imp!!
You kill the white imp!
There is an open door here.
A wight comes into view. It is wielding a +2 great sword.
A wight is nearby!
A wight is nearby!
A wight comes into view. It is wielding a +4 long sword.
The wight barely misses you.
You slash the wight! Your peck misses the wight.
The wight is severely damaged.
The wight hits you with a +2 great sword!!
Your tendrils lash around the wight's +2 great sword and pull it to the ground!
The wight hits you with a +4 long sword!
You feel threatened and lose the ability to drink potions!
The wight barely misses you.
You closely miss the wight. You claw the wight.
The wight is moderately damaged.
The wight hits you with a +4 long sword!
* * * LOW HITPOINT WARNING * * *
The wight hits you but does no damage.
The wight hits you with a +4 long sword!
You die...

#.#
#.#
#.#
#.#
#.#
#.#
#.#
###z#
#z@)#
#.###
...
####


You could see 2 wights.

Vanquished Creatures
  A steam dragon (D:6)
  An ogre (D:6)
  A scorpion (D:5)
  3 hounds
  An orc priest (D:4)
  A sleepcap (D:6)
  2 iguanas
  An orc wizard (D:3)
  6 adders
  4 river rats (Sewer)
  6 gnolls
  A white imp (D:7)
  4 worms
  4 dart slugs
  10 orcs
  6 ball pythons
  9 endoplasms
  4 giant cockroaches
  6 goblins
  2 hobgoblins
  2 jackals (D:4)
  4 kobolds
  7 quokkas
  5 bats
  4 frilled lizards
  9 rats
104 creatures vanquished.

Vanquished Creatures (others)
  A phantom (D:5)
  5 jellies (D:6)
  A hound (D:4)
  An iguana (D:5)
  An orc wizard (D:6)
  4 adders
  8 orcs
  A goblin (D:4)
22 creatures vanquished.

Grand Total: 126 creatures vanquished

Notes
Turn   | Place    | Note
-------+----------+-------------------------------------------
     0 | D:1      | AccursedSamuel the Tengu Gladiator began the quest for the
                  | Orb.
     0 | D:1      | Reached XP level 1. HP: 12/12 MP: 2/2
    45 | D:1      | Found a faded altar of an unknown god.
   218 | D:1      | Reached XP level 2. HP: 17/17 MP: 3/3
  1088 | D:2      | Reached XP level 3. HP: 18/21 MP: 4/4
  1349 | D:2      | Reached skill level 4 in Maces & Flails
  1499 | D:2      | Reached skill level 1 in Armour
  1982 | D:3      | Reached XP level 4. HP: 24/26 MP: 5/5
  2162 | D:3      | Got the Almanac of Location
  2945 | D:3      | Gained mutation: You have hidden genetic potential. [potion
                  | of mutation]
  2945 | D:3      | Gained mutation: You occasionally lose the ability to drink
                  | potions when taking damage. [potion of mutation]
  3108 | D:4      | Gained mutation: Your magical nature lets you fly swiftly
                  | and evasively. [Tengu growth]
  3108 | D:4      | Reached XP level 5. HP: 27/31 MP: 6/6
  3288 | D:4      | Found a glowing drain.
  3298 | D:4      | Reached skill level 5 in Maces & Flails
  3312 | Sewer    | Entered a sewer
  3394 | Sewer    | Gained mutation: You possess an exceptional clarity of
                  | mind. [hidden potential]
  3498 | Sewer    | Reached XP level 6. HP: 33/36 MP: 7/7
  3522 | Sewer    | Found a viscous altar of Jiyva.
  3534 | Sewer    | Became a worshipper of Jiyva Jythroh the Shapeless
  3688 | D:4      | Identified the +1 war axe of Kemuffou {freeze, Int+3}
  3915 | D:4      | Gained mutation: Your flesh is heat resistant. (rF+)
                  | [hidden potential]
  3915 | D:4      | Lost mutation: You have hidden genetic potential. [hidden
                  | potential expressed]
  3974 | D:4      | Reached * piety under Jiyva
  4064 | D:4      | Found a sparkling altar of Nemelex Xobeh.
  4066 | D:4      | Found a radiant altar of Vehumet.
  4070 | D:4      | Found an ornate altar of the Wu Jian Council.
  4438 | D:5      | Entered Level 5 of the Dungeon
  4462 | D:5      | Reached skill level 6 in Maces & Flails
  4556 | D:5      | Found a broken altar of Ashenzari.
  4579 | D:5      | Found a blossoming altar of Fedhas.
  4641 | D:5      | Reached ** piety under Jiyva
  4663 | D:5      | Found Cuxkiss's Book Boutique.
  4680 | D:5      | Found a staircase to the Ecumenical Temple.
  4796 | D:5      | Found a runed translucent door.
  4903 | D:5      | Noticed Dingle's ghost (amateur OgCA)
  5032 | D:5      | Reached XP level 7. HP: 29/41 MP: 8/8
  5106 | D:6      | Noticed an angel
  5106 | D:6      | Found a glowing silver altar of Zin.
  5237 | D:6      | Found a shimmering altar of Xom.
  5291 | D:6      | Found Wukoif's Antique Weapon Boutique.
  5294 | D:6      | Bought a runed scimitar for 140 gold pieces
  5300 | D:6      | Reached *** piety under Jiyva
  5425 | D:6      | Noticed a steam dragon
  5434 | D:6      | Killed a steam dragon
  5457 | D:6      | Found a bloodstained altar of Trog.
  5549 | D:6      | Gained mutation: Armour fits poorly on your pseudopods.
                  | [Jiyva's grace]
  5549 | D:6      | Gained mutation: Armour fits poorly on your large
                  | pseudopods. [Jiyva's grace]
  5549 | D:6      | Gained mutation: Armour fits poorly on your massive
                  | pseudopods. [Jiyva's grace]
  5549 | D:6      | Gained mutation: You are covered in slimy tendrils that may
                  | disarm your opponents. [Jiyva's grace]
  6250 | D:6      | Reached **** piety under Jiyva
  6493 | D:7      | Slain by a wight

Illustrated notes

Levels and vault maps discovered:
D:1:      roderic_octagonal_star, layout_basic,
          hellmonk_ecumenical_altar_run_dry, minmay_box_of_dots
D:2:      layout_loops_ring
D:3:      layout_basic, serial_aquarium, aquarium_bridge_long_separate
          [aquarium_subvault_wall, aquarium_subvault_wall,
          aquarium_subvault_bridge, aquarium_subvault_wall,
          aquarium_subvault_bridge, aquarium_subvault_bridge],
          aquarium_window_1, aquarium_window_fake, aquarium_view_2d,
          aquarium_view_4, aquarium_pool_1
D:4:      layout_basic, gammafunk_temple_overflow_forgotten,
          portal_sewer_entry_b
D:5:      layout_rooms, mainiacjoe_overflow_two_lobes, temple_pool_b,
          serial_shops, nicolae_shop_window_shopping, ebering_ghost_inner_flame
D:6:      layout_layer_cave, grunt_temple_overflow_order_and_chaos_1,
          lightli_temple_of_fire, serial_shops, nicolae_shop_behind_doors
D:7:      layout_basic, makhleb_heckhound_becter, dreamdust_gnoll_shepherd

Skill      XL: |  1  2  3  4  5  6  7 |
---------------+----------------------+-----
Maces & Flails | 4 5 6 |  6.6
Armour         | 1 2 3 4 |  4.5
Dodging        | 4 |  4.2
Fighting       | 3 |  3.6
Long Blades    | |  0.6
Throwing       | |  2.3
Stealth        | |  0.8

Action                     |  1- 3 |  4- 6 |  7- 9 || total
---------------------------+-------+-------+-------++-------
  Melee: Flail             |    83 |   155 |     4 ||   242
         Kick              |    19 |    36 |     7 ||    62
         Peck              |     5 |    19 |     1 ||    25
         Punch             |       |     1 |       ||     1
         Scimitar          |       |       |    20 ||    20
         Pseudopods        |       |       |     3 ||     3
    Use: Potion            |       |    10 |       ||    10
         Scroll            |       |     7 |       ||     7
 Armour: Leather armour    |    37 |       |       ||    37
         Scale mail        |     1 |    66 |    13 ||    80
  Dodge: Dodged            |    66 |   140 |    30 ||   236
